 Dungeon Crawl Stone Soup version 0.32-a0-814-g0968bab981 (webtiles) character file.

Game seed: 8297078086075445912

833 smashvw the Trooper (level 7, -2/64 HPs)
             Began as a Minotaur Fighter on Mar 23, 2024.
             Was an Initiate of Okawaru.
             Slain by a two-headed ogre
             ... wielding a +0 giant club
              (18 damage)
             ... on level 6 of the Dungeon.
             The game lasted 00:08:22 (3490 turns).

smashvw the Trooper (Minotaur Fighter)              Turns: 3490, Time: 00:08:23

Health: -2/64      AC: 16    Str: 23    XL:     7   Next: 65%
Magic:  6/6        EV:  7    Int:  5    God:    Okawaru [......]
Gold:   321        SH:  4    Dex:  9    Spells: 6/6 levels left

rFire   . . .        y - +2 spear (freeze)
rCold   . . .        c - +0 buckler
rNeg    . . .        v - +0 chain mail
rPois   .            (helmet restricted)
rElec   .            l - +0 cloak
rCorr   .            j - +2 pair of gloves
SInv    .            u - +0 pair of boots
Will    .....        (no amulet) Stlth
                     (no ring)
HPRegen 0.30/turn    (no ring)
MPRegen 0.10/turn

%: no passive effects
@: mighty
A: horns 2, retaliatory headbutt
a: Renounce Religion


You were on level 6 of the Dungeon.
You worshipped Okawaru.
Okawaru was noncommittal.
You visited 1 branch of the dungeon, and saw 6 of its levels.

You collected 321 gold pieces.

Inventory:

Hand Weapons
 a - a +0 trident
 y - a +2 spear of freezing (weapon)
Armour
 c - a +0 buckler (worn)
 j - a +2 pair of gloves (worn)
 l - a +0 cloak (worn)
 s - a scarf of resistance
 u - a +0 pair of boots (worn)
 v - a +0 chain mail (worn)
Jewellery
 h - an amulet of magic regeneration
Wands
 t - a wand of paralysis (9) (quivered)
 z - a wand of mindburst (14)
Scrolls
 e - a scroll of amnesia {unknown}
 i - 5 scrolls of identify {unknown}
 k - 2 scrolls of noise {unknown}
 m - a scroll of vulnerability {unknown}
 n - a scroll of teleportation {unknown}
 p - a scroll of enchant armour {unknown}
 q - 3 scrolls of immolation {unknown}
 w - a scroll of enchant weapon {unknown}
Potions
 b - a potion of attraction {unknown}
 f - a potion of heal wounds {unknown}
 g - 2 potions of haste {unknown}
 o - a potion of enlightenment {unknown}
 r - a potion of brilliance {unknown}
 x - a potion of ambrosia {unknown}


   Skills:
 + Level 6.4 Fighting
 + Level 5.9 Polearms
 + Level 6.4 Armour
 - Level 5.0 Shields
 + Level 1.8 Evocations


You had 6 spell levels left.
You didn't know any spells.
Your spell library contained the following spells:

 Spells                   Type           Power      Damage    Failure   Level
 Frozen Ramparts          Ice            0%         1d1       100%        3
 Ozocubu's Armour         Ice            0%         N/A       100%        3
 Metabolic Englaciation   Hex/Ice        0%         N/A       100%        5


Dungeon Overview and Level Annotations

Branches:
Dungeon (6/15)
 Temple: D:4-7

Altars:
Okawaru

Annotations:
D:5 2 transporters, Stellion's ghost, novice MDFi


Innate Abilities, Weirdness & Mutations

You have a pair of horns on your head.
You reflexively headbutt those who attack you in melee.


Message History

You freeze the two-headed ogre.
The two-headed ogre is lightly wounded.
You hit the two-headed ogre. You freeze the two-headed ogre.
The two-headed ogre is lightly wounded.
The two-headed ogre hits you with a +0 giant club.
The two-headed ogre hits you with a +0 giant spiked club!!
You puncture the two-headed ogre! You freeze the two-headed ogre.
You headbutt the two-headed ogre.
The two-headed ogre is heavily wounded.
An ice beast comes into view.
You hit the two-headed ogre. You freeze the two-headed ogre.
You headbutt the two-headed ogre.
The two-headed ogre is severely wounded.
The two-headed ogre hits you with a +0 giant club.
The two-headed ogre barely misses you.
You hit the two-headed ogre. You freeze the two-headed ogre.
The two-headed ogre is almost dead.
You completely miss the two-headed ogre.
You headbutt the two-headed ogre, but do no damage.
The two-headed ogre is almost dead.
The two-headed ogre hits you with a +0 giant club!
The two-headed ogre hits you with a +0 giant spiked club!
* * * LOW HITPOINT WARNING * * *
You are too injured to fight recklessly!
Unknown command.
You feel very mighty all of a sudden.
The ice beast hits you but does no damage.
You puncture the ice beast! Your headbutt misses the ice beast.
The ice beast is moderately wounded.
The ice beast hits you but does no damage.
You puncture the ice beast!
The ice beast is severely wounded.
The ice beast hits you but does no damage.
You puncture the ice beast!
You kill the ice beast!
Okawaru accepts your kill.
You barely miss the two-headed ogre. You headbutt the two-headed ogre.
The two-headed ogre is almost dead.
The two-headed ogre hits you with a +0 giant club!!
You die...

.# ## .# . .# ##
#..# .. . #..#
.### #.#... ...
.#.#..###.##.##
.#.#....O.....#
#.#.##@##.#..# ..
#.##.##..... ####
#....[...... ...
#.##.#####...
##########.##.####
.?
..................
. .#.....####.####
##.........#
#..<[......#


You could see a two-headed ogre.

Vanquished Creatures
  An ice beast (D:6)
  An ogre (D:5)
  A gnoll sergeant (D:5)
  A scorpion (D:3)
  A jelly (D:4)
  2 hounds (D:5)
  2 sleepcaps
  Jessica (D:3)
  An iguana (D:6)
  Natasha (twice) (D:3)
  2 orc wizards (D:2)
  4 gnolls (D:5)
  10 adders
  2 ufetubi (D:5)
  A ribbon worm (D:4)
  9 orcs
  5 endoplasms
  4 giant cockroaches
  8 hobgoblins
  6 jackals
  6 quokkas
  7 ball pythons
  5 bats
  3 frilled lizards
  8 goblins
  11 kobolds
  7 rats
111 creatures vanquished.

Notes
Turn   | Place    | Note
-------+----------+-------------------------------------------
     0 | D:1      | smashvw the Minotaur Fighter began the quest for the Orb.
     0 | D:1      | Reached XP level 1. HP: 19/19 MP: 0/0
   103 | D:1      | Reached XP level 2. HP: 27/27 MP: 1/1
   583 | D:2      | Reached XP level 3. HP: 27/33 MP: 2/2
  1009 | D:2      | Reached XP level 4. HP: 40/40 MP: 3/3
  1409 | D:2      | Reached XP level 5. HP: 11/47 MP: 4/4
  1552 | D:3      | Identified the +1 mace of the Thing {drain, rElec rPois
                  | Will+ Int-4}
  1562 | D:3      | Reached skill level 5 in Armour
  1695 | D:3      | Reached skill level 5 in Fighting
  1745 | D:3      | Reached skill level 5 in Shields
  1746 | D:3      | Noticed Jessica
  1752 | D:3      | Killed Jessica
  1774 | D:3      | Noticed Natasha
  1782 | D:3      | Killed Natasha
  1783 | D:3      | Reached XP level 6. HP: 54/56 MP: 5/5
  1940 | D:3      | Noticed Natasha
  1947 | D:3      | Killed Natasha
  2544 | D:5      | Entered Level 5 of the Dungeon
  2560 | D:5      | Reached skill level 5 in Polearms
  2795 | D:5      | Reached XP level 7. HP: 51/62 MP: 6/6
  2962 | D:5      | Noticed Stellion's ghost (novice MDFi)
  2964 | D:5      | Found a transporter.
  2992 | D:5      | Found a transporter.
  3172 | D:5      | Reached skill level 1 in Evocations
  3363 | D:5      | Found an iron altar of Okawaru.
  3375 | D:5      | Became a worshipper of Warmaster Okawaru
  3477 | D:6      | Noticed a two-headed ogre
  3490 | D:6      | Slain by a two-headed ogre

Illustrated notes

Levels and vault maps discovered:
D:1:      lordsloth_arrival_two_stooges, layout_basic, hangedman_decor_push
D:2:      layout_loops_cross, st_stairs_5, kennysheep_flooded_box,
          nicolae_half_adder
D:3:      layout_rooms, wander_ebering_terrifying_dragon_lair, uniq_natasha,
          uniq_jessica
D:4:      layout_rooms, corexii_checkpoint
D:5:      layout_rooms, lemuel_coloured_pillars_altar, gammafunk_ghost_arena
D:6:      layout_loops_ring, temple_statues, serial_shops,
          nicolae_inconvenience_store, dreamdust_gnoll_farm

Skill      XL: |  1  2  3  4  5  6  7 |
---------------+----------------------+-----
Fighting       | 4 5 6 |  6.4
Polearms       | 3 4 5 |  5.9
Armour         | 4 5 6 |  6.4
Shields        | 4 5 |  5.0
Evocations     | 1 |  1.8

Action                     |  1- 3 |  4- 6 |  7- 9 || total
---------------------------+-------+-------+-------++-------
  Melee: Trident           |    98 |   202 |    40 ||   340
         Headbutt          |     5 |    30 |    17 ||    52
         Spear             |       |       |    31 ||    31
  Evoke: Wand              |       |     2 |       ||     2
    Use: Potion            |       |       |     1 ||     1
   Stab: Paralysed         |       |     1 |       ||     1
 Armour: Scale mail        |    59 |   115 |       ||   174
         Chain mail        |       |    48 |    40 ||    88
  Dodge: Dodged            |    51 |    95 |    18 ||   164
  Block: Buckler           |    19 |    52 |     6 ||    77

Table legend: (Time is in decaauts)
 A = Elapsed time spent in this place.
 B = Non-inter-level travel time spent in this place.
 C = Inter-level travel time spent in this place.
 D = Time resting spent in this place.
 E = Time spent auto-exploring this place.
 F = Levels seen in this place.
 G = Mean time per level.
                   A        B        C        D        E       F      G
               +--------+--------+--------+--------+--------+-----+--------+
         Total |   3530 |   3401 |    129 |    127 |   2527 |   6 |  588.3 |
       Dungeon |   3530 |   3401 |    129 |    127 |   2527 |   6 |  588.3 |
               +--------+--------+--------+--------+--------+-----+--------+

Top non-repeatable levels by time:
     D:2: 985 daAuts
     D:5: 896 daAuts
     D:1: 576 daAuts
     D:4: 552 daAuts
     D:3: 473 daAuts
     D:6: 47 daAuts
